 Dungeon Crawl Stone Soup version 0.27-a0-1149-g4505690ab0 (webtiles) character file.

Game seed: 15927693930049376411

37 senseless the Skirmisher (level 3, -1/31 HPs)
             Began as a Palentonga Fighter on May 13, 2021.
             Engulfed by a steam dragon's steam (5 damage)
             ... on level 3 of the Dungeon.
             The game lasted 00:03:26 (1248 turns).

senseless the Skirmisher (Palentonga Fighter)       Turns: 1248, Time: 00:03:26

Health: -1/31      AC:  6    Str: 20    XL:     3   Next: 23%
Magic:  0/3        EV:  5    Int:  8    God:
Gold:   129        SH:  9    Dex:  9    Spells: 2/2 levels left

rFire    . . .     SeeInvis +   a - +0 flail
rCold    . . .     Faith    .   c - +1 kite shield
rNeg     . . .     Spirit   +   b - +0 scale mail
rPois    .         Reflect  .   (no helmet)
rElec    .         Harm     .   (no cloak)
rCorr    .         Rampage  .   (no gloves)
Will     .....                  (no barding)
Stlth    ..........             g - amulet of guardian spirit
HPRegen  0.10/turn              (no ring)
MPRegen  0.08/turn              (no ring)

@: mighty
A: large, rugged brown scales 3, see invisible, deformed body, roll 1, armoured
tail
a: Rolling Charge


You were on level 3 of the Dungeon.
You visited 1 branch of the dungeon, and saw 3 of its levels.

You collected 129 gold pieces.

Inventory:

Hand Weapons
 a - a +0 flail (weapon)
Armour
 b - a +0 scale mail (worn)
 c - a +1 kite shield (worn)
Jewellery
 g - an amulet of guardian spirit (around neck)
Scrolls
 e - a scroll of acquirement {unknown}
Potions
 h - a potion of flight
 i - a potion of haste {unknown}


   Skills:
 + Level 3.5 Fighting
 + Level 2.1 Maces & Flails
 + Level 2.7 Armour
 + Level 2.9 Shields


You had 2 spell levels left.
You didn't know any spells.
Your spell library contained the following spells:

 Spells                   Type           Power      Damage    Failure   Level
 Confusing Touch          Hex            0%         N/A       100%        3
 Gell's Gravitas          Tloc           0%         N/A       100%        3
 Petrify                  Tmut/Erth      0%         N/A       100%        4
 Metabolic Englaciation   Hex/Ice        0%         N/A       100%        5
 Yara's Violent Unravell  Hex/Tmut       0%         3d3       100%        5


Dungeon Overview and Level Annotations

Branches:
Dungeon (3/15)

Altars:

Shops:
D:2 [


Innate Abilities, Weirdness & Mutations

You are completely covered in rugged brown scales. (AC +3, +7% HP)
You have supernaturally acute eyesight. (SInv)
Armour fits poorly on your strangely shaped body.
You can roll at nearby foes to attack.
You have a long armoured tail.


Message History

A rat comes into view.
There is a stone staircase leading up here.
You roll forward with a clatter of scales!
You sock the rat!
You kill the rat!
Found a stone staircase leading down.
There is a stone staircase leading down here.
You pick up a book of Misfortune and begin reading...
You add the spells Confusing Touch, Gell's Gravitas, Petrify, Metabolic Englaciation and Yara's Violent Unravelling to your library.
Found 17 stones.
Found a stone staircase leading down.
You see here 17 stones.
You open the door.
There is an open door here.
You open the door.
There is an open door here.
Found a stone staircase leading up.
e - a scroll labelled ZUD TALIEMMO
There is a stone staircase leading up here.
A steam dragon comes into view.
The steam dragon hisses angrily.
You roll forward with a clatter of scales!
You hit the steam dragon. You tail-slap the steam dragon.
The steam dragon is moderately wounded.
The steam dragon breathes steam at you. The ball of steam hits you!!
Ouch! That really hurt!
You are too injured to fight recklessly!
You are too injured to fight recklessly!
You hit the steam dragon.
The steam dragon is heavily wounded.
You are engulfed in a cloud of scalding steam.
You block the steam dragon's attack. The steam dragon claws you.
* * * LOW HITPOINT WARNING * * *
The steam dragon bites you but does no damage.
The steam dragon claws you.
* * * LOW HITPOINT WARNING * * *
You feel very mighty all of a sudden.
You are engulfed in a cloud of scalding steam.
You die...

... #.# #.# #.# # #.# ##
#.# .## ##.###### ##.##
..####...#.§§#####......
..'....#..§.§°°°@D......
..#.......§§§#######...#
.##.###.......# # ###.#
##.##.#.# # #.#
##.##.#.# #.# #.....#.#
#.# #..##.#.# #.#
#..##.#.# #.###..##.#.#


You could see a steam dragon (catching breath).

Vanquished Creatures
  An adder (D:2)
  2 dart slugs
  An endoplasm (D:1)
  2 goblins
  4 hobgoblins
  3 ball pythons
  2 bats (D:2)
  6 frilled lizards
  3 kobolds
  4 rats
28 creatures vanquished.

Notes
Turn   | Place    | Note
-------+----------+-------------------------------------------
     0 | D:1      | senseless the Palentonga Fighter began the quest for the
                  | Orb.
     0 | D:1      | Reached XP level 1. HP: 19/19 MP: 1/1
   229 | D:1      | Found a faded altar of an unknown god.
   232 | D:1      | Reached XP level 2. HP: 25/25 MP: 2/2
   725 | D:2      | Found Koistiemm's Antique Armour Shop.
   855 | D:2      | Reached XP level 3. HP: 31/31 MP: 3/3
  1244 | D:3      | Noticed a steam dragon
  1248 | D:3      | Engulfed by a steam dragon's steam

Illustrated notes

Levels and vault maps discovered:
D:1:      lemuel_arrival_lava_pool, layout_basic, ebering_ecumenical_altar_webs
D:2:      minmay_angry_zag, layout_basic, serial_shops, shop_coins
D:3:      layout_loops_corners, grunt_temple_overflow_champion_of_chaos,
          lemuel_zombie_altar_kikubaaqudgha, gammafunk_temple_overflow_arena,
          gammafunk_ghost_split

Action                   || total
-------------------------++-------
Melee: Flail             ||    64
       Tailslap          ||     9
 Abil: Rolling Charge    ||    28
  Use: Scroll            ||     5
       Potion            ||     1
Armor: Scale mail        ||    32
Dodge: Dodged            ||     7
Block: Kite shield       ||    24

Table legend: (Time is in decaauts)
 A = Elapsed time spent in this place.
 B = Non-inter-level travel time spent in this place.
 C = Inter-level travel time spent in this place.
 D = Time resting spent in this place.
 E = Time spent auto-exploring this place.
 F = Levels seen in this place.
 G = Mean time per level.
                   A        B        C        D        E       F      G
               +--------+--------+--------+--------+--------+-----+--------+
         Total |   1280 |   1161 |    119 |    118 |    895 |   3 |  426.7 |
       Dungeon |   1280 |   1161 |    119 |    118 |    895 |   3 |  426.7 |
               +--------+--------+--------+--------+--------+-----+--------+

Top non-repeatable levels by time:
     D:1: 709 daAuts
     D:2: 462 daAuts
     D:3: 108 daAuts
